 Dungeon Crawl Stone Soup version 0.24-a0-358-g53aee78b01 (webtiles) character file.

Game seed: 14986173829473127325

1115 Amnesiac the Gouger (level 8, -4/34 HPs)
             Began as a Felid Enchanter on May 25, 2019.
             Was an Elder of Dithmenos.
             Slain by a seven-headed hydra (16 damage)
             ... on level 8 of the Dungeon.
             The game lasted 00:43:19 (9226 turns).

Amnesiac the Gouger (Felid Enchanter)               Turns: 9226, Time: 00:43:20

Health: -4/34      AC:  2    Str:  4    XL:     8   Next: 12%
Magic:  3/17       EV: 24    Int: 19    God:    Dithmenos [****..]
Gold:   741        SH:  0    Dex: 18    Spells: 2/18 levels left
                                        Lives:  0   Deaths: 3

rFire    . . .     SeeInvis +     - Unarmed
rCold    . . .     Gourm    .   (shield unavailable)
rNeg     . . .     Faith    .   (armour unavailable)
rPois    .         Spirit   .   (helmet unavailable)
rElec    .         Reflect  .   (cloak unavailable)
rCorr    .         Harm     .   (gloves unavailable)
MR       +....                  (boots unavailable)
Stlth    +++++++...             q - amulet of rage
HPRegen  0.11/turn              g - ring of fire
MPRegen  0.15/turn              k - ring of ice

@: wreathed by umbra, quick
A: very small, no armour, no weapons or thrown items, stealth, claws 1, fangs 3,
see invisible, carnivore, speed 1, shaggy fur 2, slow metabolism 1, sharp paws
a: Shadow Step, Renounce Religion, Evoke Berserk Rage


You were on level 8 of the Dungeon.
You worshipped Dithmenos.
Dithmenos was greatly pleased with you.
You were not hungry.

You visited 2 branches of the dungeon, and saw 9 of its levels.
You also visited: Ossuary.

You collected 807 gold pieces.
You spent 66 gold pieces at shops.

Inventory:

Jewellery
 g - a ring of fire (left paw)
 k - a ring of ice (right paw)
 m - an uncursed amulet of regeneration
 q - an amulet of rage (around neck)
 s - an uncursed ring of resist corrosion
Wands
 f - a wand of random effects (8)
 u - a wand of polymorph (10)
 w - a wand of disintegration (22)
 D - a wand of scattershot (2)
Scrolls
 d - 8 scrolls of teleportation {!r}
 e - 4 scrolls of identify {!r}
 i - 2 scrolls of blinking {!r}
 o - a scroll of fear {!r}
 t - 3 scrolls of amnesia {!r}
 v - 6 scrolls of remove curse {!r}
 y - a scroll of torment {!r, unknown}
 B - a scroll of enchant armour {!r, unknown}
Potions
 a - 4 potions of curing {!q}
 c - a potion of haste {!q}
 h - 3 potions of heal wounds {!q}
 j - 2 potions of ambrosia {!q}
 l - 3 potions of lignification {!q}
 n - a potion of cancellation {!q}
 p - 3 potions of agility {!q}
 r - 3 potions of flight {!q}
 x - a potion of might {!q, unknown}
 z - a potion of magic {!q, unknown}
 A - a potion of mutation {!q, unknown}
Miscellaneous
 C - a phantom mirror
Comestibles
 b - 17 rations
 E - a chunk of flesh


   Skills:
 - Level 3.0 Fighting
 + Level 8.2 Dodging
 + Level 9.1 Stealth
 * Level 9.3 Unarmed Combat
 + Level 5.8 Spellcasting
 + Level 9.1 Hexes


You had 2 spell levels left.
You knew the following spells:

 Your Spells              Type           Power        Failure   Level  Hunger
a - Ensorcelled Hibernat  Hex/Ice        ####..       2%          2    None
b - Mephitic Cloud        Conj/Pois/Air  #.......     34%         3    ##.....
c - Poisonous Vapours     Pois/Air       #.....       17%         2    None
d - Dazzling Spray        Conj/Hex       ###...       5%          3    ##.....
e - Confuse               Hex            #####...     1%          3    ##.....
w - Tukima's Dance        Hex            #####...     1%          3    ##.....

Your spell library contained the following spells:

 Spells                   Type           Power        Failure   Level  Hunger
 Corona                   Hex            #####..      1%          1    None
 Sting                    Conj/Pois      #...         12%         1    None
 Olgreb's Toxic Radiance  Pois           #.......     75%         4    ####...
 Venom Bolt               Conj/Pois      #.........   97%         5    #####..


Dungeon Overview and Level Annotations

Branches:
Dungeon (8/15)             Temple (1/1) D:4
   Lair: D:8-11

Altars:
Ashenzari
Cheibriados
Dithmenos
Elyvilon
Fedhas
Gozag
Hepliaklqana
Kikubaaqudgha
Makhleb
Nemelex Xobeh
Okawaru
Qazlal
Ru
Sif Muna
Trog
Uskayaw
Vehumet
Wu Jian
Xom
Yredelemnul
Zin
The Shining One

Shops:
D:4 ?

Annotations:
D:1 1 exclusion


Innate Abilities, Weirdness & Mutations

You cannot wear armour.
You are incapable of wielding weapons or throwing items.
Your paws allow you to move quietly. (Stealth)
You have sharp claws.
You have razor-sharp teeth.
You have supernaturally acute eyesight. (SInv)
You are carnivorous and can eat meat at any time.
You cover ground quickly.
You are covered in thick fur. (AC +2)
You have a slow metabolism.
Your sharp claws are effective at attacking unaware monsters.


Message History

You scratch the seven-headed hydra.
The seven-headed hydra is moderately wounded.
The seven-headed hydra closely misses you.
The seven-headed hydra completely misses you.
The seven-headed hydra misses you. The seven-headed hydra bites you! x2
* * * LOW HITPOINT WARNING * * *
The seven-headed hydra closely misses you.
The seven-headed hydra bites you but does no damage.
You claw the seven-headed hydra!
The seven-headed hydra is heavily wounded.
You scratch the seven-headed hydra.
The seven-headed hydra is heavily wounded.
The seven-headed hydra bites you!
You die...
The seven-headed hydra completely misses you. x2
The seven-headed hydra closely misses you.
The seven-headed hydra misses you.
The seven-headed hydra completely misses you.
The seven-headed hydra closely misses you.
You are now level 8!
You rejoin the land of the living...
There is a stone staircase leading down here.
Unknown command.
Casting: Confuse (safe; 1% risk of failure)
Confirm with . or Enter, or press ? or * to list all spells.
Aiming: Confuse (safe; 1% risk of failure)
Press: ? - help, Shift-Dir - straight line, f/p - seven-headed hydra
Aim: a seven-headed hydra (heavily wounded, confused, umbra, chance to defeat MR: 32%)
The seven-headed hydra easily resists.
Unknown command.
Casting: Confuse (safe; 1% risk of failure)
Confirm with . or Enter, or press ? or * to list all spells.
Aiming: Confuse (safe; 1% risk of failure)
Press: ? - help, Shift-Dir - straight line, f/p - seven-headed hydra
Aim: a seven-headed hydra (heavily wounded, confused, umbra, chance to defeat MR: 32%)
The seven-headed hydra easily resists.
Unknown command.
Casting: Confuse (safe; 1% risk of failure)
Confirm with . or Enter, or press ? or * to list all spells.
Aiming: Confuse (safe; 1% risk of failure)
Press: ? - help, Shift-Dir - straight line, f/p - seven-headed hydra
Aim: a seven-headed hydra (moderately wounded, confused, umbra, chance to defeat MR: 32%)
The seven-headed hydra easily resists.
Unknown command.
Casting: Confuse (safe; 1% risk of failure)
Confirm with . or Enter, or press ? or * to list all spells.
Aiming: Confuse (safe; 1% risk of failure)
Press: ? - help, Shift-Dir - straight line, f/p - seven-headed hydra
Aim: a seven-headed hydra (moderately wounded, confused, umbra, chance to defeat MR: 32%)
The seven-headed hydra easily resists.
Unknown command.
Casting: Confuse (safe; 1% risk of failure)
Confirm with . or Enter, or press ? or * to list all spells.
Aiming: Confuse (safe; 1% risk of failure)
Press: ? - help, Shift-Dir - straight line, f/p - seven-headed hydra
Aim: a seven-headed hydra (moderately wounded, confused, umbra, chance to defeat MR: 32%)
The seven-headed hydra appears confused.
Unknown command.
You claw the seven-headed hydra! You bite the seven-headed hydra.
The seven-headed hydra is heavily wounded.
The seven-headed hydra bites you! x2
* * * LOW HITPOINT WARNING * * *
The seven-headed hydra misses you. The seven-headed hydra bites you!
You die...

#.#########......# ...........
#.# #....#.###.#.###.##.# #.#
#.................... #.#
#####.(#...)######....###
#.#####...............|#.......
#.#......<.....##......#.......
#.#.###........##......#.......
#.#.###....>.........)[#.......
#....##..[.))#@...#....#.......
#.....#......#.D...............
#...<........#......##.........
#.....#.####.#...†..##..†......
##.(.##.# #.#|...)............
##.###.####.######....#....###
#...(...##...................
#####....#.............##....
###..#.............##....


You could see a seven-headed hydra (confused).

Vanquished Creatures
  A centaur warrior (D:8)
  A troll (D:8)
  The ghost of Stiffzip the Bolt Thrower, an amateur FoHu (D:5)
  Prince Ribbit (D:5)
  Sigmund (D:5)
  A hungry ghost (D:7)
  3 orc warriors
  3 sky beasts
  2 phantoms (D:7)
  2 ice beasts
  2 ogres
  A centaur (D:7)
  3 big kobolds
  Blork the orc (D:6)
  4 bullfrogs
  2 water moccasin skeletons
  A scorpion (D:4)
  6 killer bees (D:7)
  4 howler monkeys
  8 crimson imps
  A hound (D:4)
  2 jellies
  4 orc priests
  Crazy Yiuf (D:2)
  7 orc wizards
  A bullfrog skeleton (D:7)
  4 worker ants
  A big kobold zombie (Ossuary)
  9 mummies
  4 gnolls
  7 adders
  2 shadow imps (D:7)
  An adder skeleton (D:4)
  4 worms
  4 dart slugs
  4 leopard geckos
  19 orcs
  6 bats
  8 giant cockroaches
  3 goblins
  6 hobgoblins
  4 jackals
  15 kobolds
  A quokka (D:5)
  5 frilled lizards
  2 gnoll zombies (Ossuary)
  3 kobold zombies (Ossuary)
  A leopard gecko skeleton (D:7)
  2 orc zombies (Ossuary)
  A quokka skeleton (D:4)
  3 rats (D:1)
183 creatures vanquished.

Vanquished Creatures (others)
  2 dancing weapons (D:8)
  An orc (D:8)
3 creatures vanquished.

Grand Total: 186 creatures vanquished

Notes
Turn   | Place    | Note
-------+----------+-------------------------------------------
     0 | D:1      | Amnesiac the Felid Enchanter began the quest for the Orb.
     0 | D:1      | Reached XP level 1. HP: 7/7 MP: 4/4
   215 | D:2      | Reached XP level 2. HP: 7/11 MP: 4/6
   226 | D:2      | Learned a level 2 spell: Ensorcelled Hibernation
   317 | D:2      | Found a runed translucent door.
   360 | D:3      | Found a sparkling altar of Nemelex Xobeh.
   466 | D:3      | Found a basalt altar of Yredelemnul.
   564 | D:5      | Entered Level 5 of the Dungeon
   564 | D:5      | Noticed a scorpion
   696 | D:4      | Found a staircase to the Ecumenical Temple.
   703 | Temple   | Entered the Ecumenical Temple
   934 | Temple   | Became a worshipper of Dithmenos the Shadowed
  1265 | D:1      | Reached XP level 3. HP: 14/14 MP: 2/7
  1415 | D:1      | Learned a level 3 spell: Confuse
  1683 | D:1      | Reached * piety under Dithmenos
  2547 | D:2      | Reached XP level 4. HP: 18/18 MP: 8/8
  2831 | D:2      | Noticed Crazy Yiuf
  2838 | D:2      | Killed Crazy Yiuf
  3110 | D:3      | Reached skill level 5 in Hexes
  3273 | D:3      | Found an ancient bone altar of Kikubaaqudgha.
  3482 | D:4      | Reached XP level 5. HP: 21/21 MP: 9/9
  3749 | D:4      | Found Istridyku's Magic Scroll Shop.
  3760 | D:4      | Bought a scroll of fear for 42 gold pieces
  3760 | D:4      | Bought a scroll of noise for 12 gold pieces
  3760 | D:4      | Bought a scroll of random uselessness for 12 gold pieces
  3971 | D:4      | Gained mutation: You are covered in thick fur. (AC +2)
                  | [Felid growth]
  3971 | D:4      | Reached XP level 6. HP: 24/24 MP: 8/11
  4199 | D:4      | Learned a level 3 spell: Tukima's Dance
  4433 | D:4      | Found a radiant altar of Vehumet.
  4842 | D:4      | Reached XP level 7. HP: 27/27 MP: 4/13
  5042 | D:5      | Noticed Prince Ribbit
  5089 | D:5      | Killed Prince Ribbit
  5089 | D:5      | Reached skill level 5 in Stealth
  5089 | D:5      | Reached skill level 5 in Unarmed Combat
  5192 | D:5      | Noticed Sigmund
  5201 | D:5      | Killed Sigmund
  5201 | D:5      | Reached ** piety under Dithmenos
  5204 | D:5      | Found a runed translucent gate.
  5205 | D:5      | Found a runed translucent gate.
  5208 | D:5      | Found a runed translucent gate.
  5224 | D:5      | Noticed Stiffzip's ghost (amateur FoHu)
  5425 | D:5      | Reached skill level 5 in Dodging
  5425 | D:5      | Reached XP level 8. HP: 31/31 MP: 6/15
  5507 | D:5      | Killed Stiffzip's ghost
  6083 | D:5      | Slain by an orc warrior
  6084 | D:5      | Reached XP level 7. HP: 0/27 MP: 13/14
  6198 | D:6      | Found a shattered altar of Ashenzari.
  6313 | D:6      | Found an opulent altar of Gozag.
  6368 | D:6      | Noticed Blork the orc
  6379 | D:6      | Killed Blork the orc
  6379 | D:6      | Reached XP level 8. HP: 31/31 MP: 9/16
  6478 | D:6      | Learned a level 3 spell: Dazzling Spray
  6727 | D:7      | Learned a level 3 spell: Mephitic Cloud
  6810 | D:7      | Reached skill level 5 in Spellcasting
  6950 | D:7      | Found a white marble altar of Elyvilon.
  7080 | D:7      | Reached skill level 1 in Fighting
  7080 | D:7      | Reached XP level 9. HP: 26/36 MP: 4/17
  7190 | D:7      | Reached *** piety under Dithmenos
  7271 | D:7      | Learned a level 2 spell: Poisonous Vapours
  7546 | D:8      | Noticed a troll
  7585 | D:8      | Noticed a centaur warrior
  7808 | D:8      | Killed a centaur warrior
  7949 | D:8      | Found a sand-covered staircase.
  7956 | Ossuary  | Entered an ossuary
  8497 | D:8      | Noticed a seven-headed hydra
  8850 | D:8      | Killed a troll
  8850 | D:8      | Reached XP level 10. HP: 42/42 MP: 4/19
  9159 | D:8      | Mangled by a seven-headed hydra
  9160 | D:8      | Reached XP level 9. HP: -6/37 MP: 16/18
  9170 | D:8      | Identified the +7 mace "Petairau" {drain, MR+ Dex+5}
  9180 | D:8      | Reached **** piety under Dithmenos
  9213 | D:8      | Slain by a seven-headed hydra
  9214 | D:8      | Reached XP level 8. HP: 0/34 MP: 7/17
  9226 | D:8      | Slain by a seven-headed hydra

Levels and vault maps discovered:
D:1:      ncdulo_watergridlock, layout_loops_ring, due_unseen_surprise
D:2:      layout_loops_corners, uniq_crazy_yiuf_cottage
D:3:      layout_rooms, kiku_gazebo_garden_becter, lemuel_doored_altar,
          nemelex_xobeh_ov_fountains_minmay
D:4:      layout_loops_cross, vehumet_crystals, minmay_temple_entry_junction_2,
          serial_shops, shop
D:5:      layout_gridville, gammafunk_ghost_nasty_kobolds, first_ration,
          kennysheep_generic_room_6, uniq_sigmund, uniq_prince_ribbit1
D:6:      layout_rooms, ashenzari_conservatory_becter, serial_corexii_hall,
          corexii_hall_statues_s, chequers_hall_statues_corner_a,
          nicolae_gozag_cash_rules_everything_around_me, uniq_blork_the_orc
D:7:      layout_basic, overflow_temple_1_default, hangedman_decor_growths
D:8:      minmay_cut_squares, layout_loops_ring, gup_ossuary_entry_pyramid
Temple:   eino_temple_rhombus

Skill      XL: |  1  2  3  4  5  6  7  8  9 |
---------------+----------------------------+-----
Dodging        | 3 4 6 7 8 |  8.2
Unarmed Combat | 2 3 4 5 8 9 |  9.3
Hexes          | 5 6 8 9 |  9.1
Spellcasting   | 3 4 5 |  5.8
Stealth        | 5 8 9 |  9.1
Fighting       | 1 3 |  3.0

Action                   |  1- 3 |  4- 6 |  7- 9 | 10-12 || total
-------------------------+-------+-------+-------+-------++-------
Melee: Unarmed           |    85 |    90 |   216 |    16 ||   407
       Bite              |     7 |     9 |    18 |     2 ||    36
       Punch             |       |     1 |     6 |       ||     7
 Cast: Corona            |     4 |       |       |       ||     4
       Ensorcelled Hiber |    37 |    46 |    72 |       ||   155
       Confuse           |     1 |    10 |    58 |     5 ||    74
       Tukima's Dance    |       |     1 |     6 |       ||     7
       Dazzling Spray    |       |       |     2 |     4 ||     6
Evoke: Wand              |       |       |     2 |       ||     2
  Use: Scroll            |    11 |       |     7 |       ||    18
       Potion            |       |       |     2 |       ||     2
 Stab: Sleeping          |    28 |    31 |    55 |       ||   114
       Distracted        |     2 |     1 |     1 |       ||     4
       Confused          |       |     5 |    25 |     3 ||    33
       Invisible         |       |       |       |     1 ||     1
  Eat: Chunk             |    13 |     8 |    21 |     3 ||    45
Armor: Skin              |     9 |       |     9 |       ||    18
Dodge: Dodged            |    72 |    90 |   198 |    26 ||   386

Table legend:
 A = Non-vault XP
 B = Vault XP
 C = Vault XP percentage of total XP
 D = Non-vault monster count
 E = Vault monster count
 F = Vault count percentage of total count
                 A         B        C        D         E       F
            +---------+---------+-------+---------+---------+-------
      Total |    4275 |    2721 |  38.9 |     147 |      36 |  19.7
            +---------+---------+-------+---------+---------+-------
        D:1 |      40 |       0 |   0.0 |      23 |       0 |   0.0
        D:2 |      42 |      40 |  48.8 |      11 |       1 |   8.3
        D:3 |      77 |       0 |   0.0 |      19 |       0 |   0.0
        D:4 |     549 |       1 |   0.2 |      26 |       1 |   3.7
        D:5 |     240 |     916 |  79.2 |       7 |      11 |  61.1
        D:6 |     794 |      87 |   9.9 |      15 |       1 |   6.2
        D:7 |    1576 |       0 |   0.0 |      23 |       0 |   0.0
        D:8 |     955 |    1498 |  61.1 |      22 |       6 |  21.4
     Temple |       2 |       0 |   0.0 |       1 |       0 |   0.0
    Ossuary |       0 |     179 | 100.0 |       0 |      16 | 100.0
            +---------+---------+-------+---------+---------+-------
